 Dungeon Sprint DCSS version 0.28-a0-863-g8cecda6153 (webtiles) character file.

Game seed: 15887831184345073763

278 emperorscorpion the Thaumaturge (level 6, -1/40 HPs)
             Began as a Djinni Air Elementalist on Nov 18, 2021.
             Was a Follower of Makhleb.
             Slain by a troll (5 damage)
             ... in the Dungeon (Sprint IX: "|||||||||||||||||||||||||||||").
             The game lasted 00:01:36 (167 turns).

emperorscorpion the Thaumaturge (DjAE)               Turns: 167, Time: 00:01:37

Health: -1/40      AC:  2    Str:  7    XL:     6   Next: 51%
Gold:   0          EV: 16    Int: 21    God:    Makhleb [*.....] SH:  0 Dex: 14

rFire   + + .      SeeInvis .   k - +4 quarterstaff (speed)
rCold   x . .      Faith    .   (shield currently unavailable)
rNeg    . . .      Spirit   .   a - +0 robe
rPois   ∞          Reflect  .   (no helmet)
rElec   .          Harm     .   (no cloak)
rCorr   .          Rampage  .   (no gloves)
Will    .....      NoTele   +   (boots unavailable)
Stlth   ++........              (no amulet)
HPRegen 0.13/turn               o - +2 ring of evasion
MPRegen 0.00/turn               p - +3 ring of intelligence

@: swift, flying, quick
A: sickness immunity, fire resistance 2, cold vulnerability 1, float, innate
caster, hp casting, extra vitality 1
a: Renounce Religion


You were in the Dungeon.
You worshipped Makhleb.
Makhleb was aware of your devotion.
You visited 1 branch

Inventory:

Hand Weapons
 g - a +0 whip
 j - the +2 dire flail "Myinlowk" {vorpal, rF+ Dex+4}
   (You found it in the Dungeon)

   It inflicts extra damage upon your enemies.
   Dex:       It affects your dexterity (+4).
   rF:        It protects you from fire.
 k - a +4 quarterstaff of speed (weapon)
 l - a +2 rapier of draining
Armour
 a - a +0 robe (worn)
 m - a +0 helmet
 n - a +1 chain mail
Jewellery
 o - a +2 ring of evasion (left hand)
 p - a +3 ring of intelligence (right hand)
Wands
 i - a wand of acid (9)
Scrolls
 f - 2 scrolls of blinking
Potions
 b - 5 potions of curing
 c - a potion of invisibility
 d - a potion of haste
 e - a potion of berserk rage
 h - 2 potions of heal wounds


   Skills:
 * Level 3.0 Armour
 + Level 5.0 Dodging
 - Level 2.9 Stealth
 + Level 8.5 Spellcasting
 * Level 3.0 Invocations


You had 9 spell levels left.
You knew the following spells:

 Your Spells              Type           Power      Damage    Failure   Level
a - Shock                 Conj/Air       100%       1d9       1%          1
b - Static Discharge      Conj/Air       44%        N/A       1%          2
c - Swiftness             Air            44%        N/A       1%          3
d - Airstrike             Air            22%        N/A       2%          4
e - Sandblast             Erth           88%        2d18      1%          1
f - Passwall              Tmut/Erth      36%        N/A       1%          2
Your spell library was empty.

Dungeon Overview and Level Annotations

Branches:
Dungeon (1/1)

Altars:
Cheibriados
Dithmenos
Elyvilon
Fedhas
Gozag
Hepliaklqana
Kikubaaqudgha
Makhleb
Nemelex Xobeh
Okawaru
Qazlal
Ru
Sif Muna
Trog
Uskayaw
Vehumet
Wu Jian
Xom
Yredelemnul
Zin
The Shining One
Beogh
Jiyva
Lugonu


Innate Abilities, Weirdness & Mutations

You are immune to sickness and miasma.
You are immune to poison.
Your flesh is very heat resistant. (rF++)
You are vulnerable to cold. (rC-)
You float through the air rather than walking.
You learn spells naturally, not from books.
Your magical power is your life essence.
You have superior vitality. (+4 HP)


Message History

Your Invocations skill gained 2 levels and is now at level 2!
You have reached level 6!
Your experience leads to an increase in your attributes!
Your base attributes are Str 7, Int 17, Dex 14.
Increase (S)trength, (I)ntelligence, or (D)exterity?
You feel clever.
Unknown command.
Unknown command.
Casting: Shock (safe; 1% risk of failure)
Confirm with . or Enter, or press ? or * to list all spells.
Aiming: Shock (safe; 1% risk of failure)
Press: ? - help, Shift-Dir - straight line, f - troll
Aim: a troll (moderately wounded, 74% to hit)
The zap hits the troll.
The troll is moderately wounded.
The zap hits the kobold brigand!
You kill the kobold brigand!
Makhleb accepts your kill.
You can now gain health from killing.
The zap misses the shadow.
The zap hits the troll!
The troll is heavily wounded.
The troll barely misses you. The troll claws you. The troll barely misses you.
Your Armour skill increases to level 3!
Your Dodging skill increases to level 5!
Your Invocations skill increases to level 3!
Unknown command.
Unknown command.
Aiming: Corrosive Bolt
Press: ? - help, Shift-Dir - straight line, f/p - troll
Aim: a troll (moderately wounded, 71% to hit)
The bolt of acid hits the troll!
The acid corrodes the troll!
The troll is heavily wounded.
The bolt of acid hits the shadow!!
The acid corrodes the shadow!
You destroy the shadow!
Makhleb accepts your kill.
The bolt of acid hits the troll!
The acid corrodes the troll!
The troll is severely wounded.
The troll bites you! The troll claws you!
* * * LOW HITPOINT WARNING * * *
The troll claws you.
You die... ▓▓▓▓▓▓▓▓▓▓▓▓▓▓▓▓▓▓▓▓▓▓▓▓ _______'!?)..[..@T).T... ▓▓▓▓▓▓▓▓▓▓▓▓▓▓▓▓▓▓▓▓▓▓▓▓

You could see 2 trolls.

Vanquished Creatures
  A shadow (D)
  A centaur (D)
  A kobold brigand (D)
  A scorpion (D)
  A hound (D)
  An orc wizard (D)
  An adder (D)
  An adder zombie (D)
  A dart slug (D)
  A bat (D)
  An endoplasm (D)
  A giant cockroach (D)
  A kobold (D)
  A rat (D)
14 creatures vanquished.

Notes
Turn   | Place    | Note
-------+----------+-------------------------------------------
     0 | D        | emperorscorpion the Djinni Air Elementalist began the quest
                  | for the Orb.
     0 | D        | Reached XP level 1. HP: 15/15 MP: 0/0
     6 | D        | Reached skill level 3 in Spellcasting
     7 | D        | Reached XP level 2. HP: 17/21 MP: 0/0
    61 | D        | Noticed a scorpion
    67 | D        | Reached skill level 4 in Spellcasting
    67 | D        | Reached XP level 3. HP: 12/25 MP: 0/0
    67 | D        | Learned a level 1 spell: Sandblast
    71 | D        | Reached skill level 5 in Spellcasting
    71 | D        | Reached XP level 4. HP: 29/31 MP: 0/0
    72 | D        | Killed a scorpion
    73 | D        | Reached skill level 7 in Spellcasting
    73 | D        | Reached XP level 5. HP: 25/35 MP: 0/0
    73 | D        | Learned a level 2 spell: Passwall
    79 | D        | Found a snail-covered altar of Cheibriados.
    79 | D        | Found a shadowy altar of Dithmenos.
    79 | D        | Found a white marble altar of Elyvilon.
    79 | D        | Found a blossoming altar of Fedhas.
    79 | D        | Found an opulent altar of Gozag.
    80 | D        | Found a hazy altar of Hepliaklqana.
    81 | D        | Found a viscous altar of Jiyva.
    83 | D        | Found a corrupted altar of Lugonu.
    84 | D        | Found a burning altar of Makhleb.
    85 | D        | Found a sparkling altar of Nemelex Xobeh.
    86 | D        | Found an iron altar of Okawaru.
    87 | D        | Found a stormy altar of Qazlal.
    88 | D        | Found a sacrificial altar of Ru.
    90 | D        | Found a bloodstained altar of Trog.
    91 | D        | Found a hide-covered altar of Uskayaw.
    92 | D        | Became a worshipper of Makhleb the Destroyer
    94 | D        | Found an ornate altar of the Wu Jian Council.
    95 | D        | Found a shimmering altar of Xom.
    96 | D        | Found a basalt altar of Yredelemnul.
    97 | D        | Found a glowing silver altar of Zin.
    98 | D        | Found a glowing golden altar of the Shining One.
   114 | D        | Got the +2 dire flail "Myinlowk" {vorpal, rF+ Dex+4}
   161 | D        | Noticed a centaur
   161 | D        | Noticed a troll
   161 | D        | Noticed a kobold brigand
   161 | D        | Noticed a shadow
   161 | D        | Noticed a troll
   165 | D        | Killed a centaur
   166 | D        | Reached skill level 8 in Spellcasting
   166 | D        | Reached XP level 6. HP: 30/40 MP: 0/0
   166 | D        | Reached * piety under Makhleb
   167 | D        | Reached skill level 5 in Dodging
   167 | D        | Killed a shadow
   167 | D        | Slain by a troll

Illustrated notes

Levels and vault maps discovered:
D:        linesprint [early_d, line_temple, items_1, d_10, items_2, lair_1,
          lair_end, items_3, orc_1, orc_end, items_4, d_15, swamp_1, shoals_1,
          snake_1, spider_1, d_20, vaults_1, items_5, swamp_end, shoals_end,
          snake_end, spider_end, vaults_end, d_27, items_6, zot_1, zot_end,
          crypt_end, forest_end, elf_end, slime_end, tomb_end, abyss_end,
          pan_hell_end]

Skill      XL: |  1  2  3  4  5  6 |
---------------+-------------------+-----
Spellcasting   | 3 4 5 7 8 |  8.5
Dodging        | 3 4 5 |  5.0
Stealth        | 2 |  2.9
Armour         | 2 3 |  3.0
Invocations    | 2 3 |  3.0

Action                   |  1- 3 |  4- 6 || total
-------------------------+-------+-------++-------
 Cast: Shock             |     7 |     5 ||    12
       Static Discharge  |     3 |     2 ||     5
       Swiftness         |       |     1 ||     1
Evoke: Wand              |       |     1 ||     1
  Use: Potion            |     1 |       ||     1
Dodge: Dodged            |     3 |     6 ||     9

Table legend: (Time is in decaauts)
 A = Elapsed time spent in this place.
 B = Non-inter-level travel time spent in this place.
 C = Inter-level travel time spent in this place.
 D = Time resting spent in this place.
 E = Time spent auto-exploring this place.
 F = Levels seen in this place.
 G = Mean time per level.
                   A        B        C        D        E       F      G
               +--------+--------+--------+--------+--------+-----+--------+
         Total |    165 |    165 |      0 |     78 |      0 |   1 |  165.0 |
       Dungeon |    165 |    165 |      0 |     78 |      0 |   1 |  165.0 |
               +--------+--------+--------+--------+--------+-----+--------+

Top non-repeatable levels by time:
       D: 165 daAuts
